AoeStats
← 变强先斩欲

Arabia

509326169Analyzed
3v3 RM · 4d ago on Sep 26, 2026· 38m 43s· 6 players
Game mode
Random Map
Map size
Normal (6 player)
Population
200
Speed
Normal
Resources
Standard
Victory
Conquest
Starting age
Dark Age
Ending age
Imperial Age
RankedLock teamsTeams togetherTeam positionsShared explorationLock speedFull tech treeHidden civsTurbo modeCheats
Victory
Defeat
🇹🇷 Cumans · Türkiye
967
+16
🇪🇸 Poles · Spain
953
+17
🇹🇷 Franks · Türkiye
930
+49
🇨🇳 Portuguese · China
1027
-19
🇨🇳 Britons · China
971
-17
🇨🇳 Vietnamese · China
913
-15
变强先斩欲
0:33 Loom
9:37 Feudal Age
10:08 Double-Bit Axe
19:53 Castle Age
17:17 Man-at-Arms
19:17 Man-at-Arms
28:26 Long Swordsman
32:14 Forging
34:54 Gold Mining
39:15 Imperial Age
37:14 Pikeman
十七嵗的單車
3:25 Loom
10:48 Feudal Age
12:44 Double-Bit Axe
12:54 Fletching
14:07 Horse Collar
21:11 Castle Age
20:19 Gold Mining
21:27 Stone Mining
sisseess
13:00 Feudal Age
20:42 Castle Age
19:12 Double-Bit Axe
19:10 Horse Collar
19:24 Stone Mining
21:20 Wheelbarrow
21:57 Bloodlines
22:16 Hand Cart
22:34 Light Cavalry
23:26 Heavy Plow
24:05 Loom
25:23 Town Watch
25:08 Pikeman
25:49 Squires
25:58 Thumb Ring
35:25 Imperial Age
36:42 Halberdier
36:59 Halberdier
37:02 Elite Skirmisher
38:46 Town Patrol
Grim
12:06 Feudal Age
13:50 Wheelbarrow
12:46 Man-at-Arms
13:47 Double-Bit Axe
21:14 Horse Collar
23:25 Scale Mail Armor
27:16 Forging
31:55 Castle Age
31:43 Gold Mining
31:46 Stone Mining
32:58 Hand Cart
33:51 Capped Ram
33:56 Pikeman
35:48 Iron Casting
35:48 Bow Saw
36:06 Heavy Plow
36:27 Long Swordsman
38:27 Chain Mail Armor
Senbonzakura Kageyoshi
6:44 Loom
10:17 Feudal Age
11:01 Double-Bit Axe
20:26 Scale Barding Armor
25:25 Castle Age
25:27 Stone Mining
26:48 Wheelbarrow
26:27 Bow Saw
30:25 Husbandry
30:38 Forging
31:56 Gold Mining
32:24 Hand Cart
34:22 Gold Shaft Mining
36:55 Imperial Age
34:48 Chain Barding Armor
35:04 Iron Casting
36:15 Caravan
37:02 Cavalier
38:19 Plate Barding Armor
38:45 Blast Furnace
MIRMIDOR
12:39 Feudal Age
19:18 Castle Age
17:04 Loom
17:08 Horse Collar
17:20 Double-Bit Axe
19:33 Fletching
19:39 Stone Mining
21:25 Bow Saw
25:37 Wheelbarrow
24:57 Gold Mining
26:48 Hand Cart
27:25 Heavy Plow
30:49 Imperial Age
29:33 Szlachta Privileges
29:48 Husbandry
29:58 Scale Barding Armor
31:41 Bloodlines
33:41 Conscription
33:50 Cavalier
35:35 Forging
35:46 Chain Barding Armor
Connection lost

Rejoining the realm…

Still unreachable

The connection could not be restored.

Session expired

The server has moved on; the page needs a fresh start.